 Dungeon Crawl Stone Soup version 0.29.1-15-g9cfb28693d (webtiles) character file.

Game seed: 1450253140977247

726 Eitelfritz the Chopper (level 7, -3/61 HPs)
             Began as a Hill Orc Fighter on Apr 14, 2023.
             Was an Initiate of Hepliaklqana.
             Slain by an ice beast (13 damage)
             ... on level 5 of the Dungeon.
             The game lasted 00:06:26 (4337 turns).

Eitelfritz the Chopper (Hill Orc Fighter)           Turns: 4337, Time: 00:06:26

Health: -3/61      AC: 12    Str: 21    XL:     7   Next: 72%
Magic:  7/7        EV: 10    Int:  8    God:    Hepliaklqana [......]
Gold:   144        SH:  4    Dex: 10    Spells: 6/6 levels left

rFire   + . .      SeeInvis .   a - +0 war axe (freeze)
rCold   . . .      Faith    .   c - +0 buckler
rNeg    . . .      Spirit   .   k - +3 ring mail
rPois   .          Reflect  .   (no helmet)
rElec   .          Harm     .   (no cloak)
rCorr   .          Rampage  .   u - +2 pair of gloves
Will    +....                   (no boots)
Stlth   +.........              (no amulet)
HPRegen 0.20/turn               z - ring of willpower
MPRegen 0.10/turn               d - ring of protection from fire

@: no status effects
A: no striking features
a: Renounce Religion


You were on level 5 of the Dungeon.
You worshipped Hepliaklqana.
Hepliaklqana was noncommittal.
You visited 2 branches of the dungeon, and saw 6 of its levels.

You collected 144 gold pieces.

Inventory:

Hand Weapons
 a - a +0 war axe of freezing (weapon)
 b - a +0 sling
 p - a +0 flail
Missiles
 n - 5 datura-tipped darts (quivered)
 v - a throwing net
Armour
 c - a +0 buckler (worn)
 k - a +3 ring mail (worn)
 u - a +2 pair of gloves (worn)
Jewellery
 d - a ring of protection from fire (right hand)
 m - a ring of flight
 z - a ring of willpower (left hand)
Scrolls
 h - a scroll of vulnerability
 x - a scroll of amnesia
Potions
 e - 2 potions of magic
 f - a potion of curing
 g - a potion of cancellation {unknown}
 i - 5 potions of heal wounds
 q - 2 potions of attraction {unknown}
 t - 2 potions of flight
 w - a potion of brilliance


   Skills:
 + Level 5.3 Fighting
 + Level 7.3 Axes
 + Level 5.1 Armour
 + Level 1.3 Dodging
 + Level 1.3 Stealth
 + Level 4.5 Shields


You had 6 spell levels left.
You didn't know any spells.
Your spell library contained the following spells:

 Spells                   Type           Power      Damage    Failure   Level
 Apportation              Tloc           0%         N/A       65%         1
 Freeze                   Ice            0%         1d3       65%         1
 Necrotise                Necr           0%         1d4       65%         1
 Sting                    Tmut/Pois      0%         1d3       65%         1
 Summon Small Mammal      Summ           0%         N/A       65%         1
 Poisonous Vapours        Pois/Air       0%         N/A       80%         2
 Static Discharge         Conj/Air       0%         3-3/arc   80%         2
 Frozen Ramparts          Ice            0%         1d1       95%         3
 Ozocubu's Armour         Ice            0%         N/A       95%         3
 Dispel Undead            Necr           0%         3d6       100%        4
 Hailstorm                Conj/Ice       0%         3d3       100%        4
 Olgreb's Toxic Radiance  Pois           0%         N/A       100%        4
 Sticky Flame             Conj/Fire      0%         2d3       100%        4
 Ozocubu's Refrigeration  Ice            0%         4d7       100%        7


Dungeon Overview and Level Annotations

Branches:
Dungeon (5/15)             Temple (1/1) D:4

Altars:
Ashenzari
Cheibriados
Dithmenos
Elyvilon
Fedhas
Gozag
Hepliaklqana
Kikubaaqudgha
Makhleb
Nemelex Xobeh
Okawaru
Qazlal
Ru
Sif Muna
Uskayaw
Vehumet
Wu Jian
Yredelemnul
Zin
The Shining One

Shops:
D:2 (


Message History

The ice beast closely misses you. You block the ice beast's attack.
You closely miss the ice beast.
The ice beast is lightly wounded.
The ice beast hits you. The ice beast freezes you!
You barely miss the ice beast.
The ice beast is lightly wounded.
The ice beast hits you. The ice beast freezes you!
You completely miss the ice beast.
The ice beast is lightly wounded.
The ice beast hits you but does no damage.
You slash the ice beast!
The ice beast is heavily wounded.
The ice beast barely misses you.
You hit the ice beast.
The ice beast is heavily wounded.
The ice beast barely misses you.
You closely miss the ice beast.
The ice beast is heavily wounded.
The ice beast closely misses you. The ice beast hits you.
The ice beast freezes you!
You hit the ice beast.
The ice beast is severely wounded.
The ice beast hits you. The ice beast freezes you!
* * * LOW HITPOINT WARNING * * *
You closely miss the ice beast.
The ice beast is severely wounded.
The ice beast hits you but does no damage.
You hit the ice beast but do no damage.
The ice beast is severely wounded.
The ice beast hits you but does no damage.
You hit the ice beast.
The ice beast is almost dead.
The ice beast hits you but does no damage.
The ice beast barely misses you.
You closely miss the ice beast.
The ice beast is almost dead.
The ice beast hits you.
* * * LOW HITPOINT WARNING * * *
The ice beast freezes you!
You die...

. ####### ..
##.....## .....
.......#
#...##Y.....#
##...##@.....#
#............#
#....##....###
#....##....###
#....<<........
#...†...........
#...............
#...###..#######
#... #..#


You could see an ice beast.

Vanquished Creatures
  An ice beast (D:3)
  An orc warrior (D:3)
  An ogre (D:4)
  A phantom (D:5)
  A necrophage (D:4)
  2 hounds
  Jessica (D:3)
  An iguana (D:5)
  2 orc wizards (D:3)
  5 adders
  4 gnolls
  A worm (D:3)
  A dart slug (D:4)
  2 orcs
  5 endoplasms
  3 giant cockroaches (D:1)
  11 goblins
  10 hobgoblins
  4 jackals
  5 quokkas
  6 ball pythons
  2 bats
  A frilled lizard (D:1)
  7 kobolds
  2 rats
80 creatures vanquished.

Vanquished Creatures (others)
  2 fungi (D:1)
2 creatures vanquished.

Grand Total: 82 creatures vanquished

Notes
Turn   | Place    | Note
-------+----------+-------------------------------------------
     0 | D:1      | Eitelfritz the Hill Orc Fighter began the quest for the
                  | Orb.
     0 | D:1      | Reached XP level 1. HP: 19/19 MP: 1/1
   197 | D:1      | Reached XP level 2. HP: 27/27 MP: 2/2
   368 | D:1      | Reached XP level 3. HP: 33/33 MP: 3/3
   519 | D:1      | Found a faded altar of an unknown god.
   811 | D:2      | Found Nyev Qau's Weapon Emporium.
   863 | D:2      | Reached skill level 3 in Axes
  1277 | D:2      | Reached XP level 4. HP: 40/40 MP: 4/4
  1380 | D:2      | You fall into a shaft and drop 1 floor!
  1816 | D:3      | Noticed an ice beast
  1836 | D:3      | Killed an ice beast
  1837 | D:3      | Reached skill level 4 in Axes
  1837 | D:3      | Reached XP level 5. HP: 14/47 MP: 5/5
  2219 | D:3      | Reached skill level 5 in Axes
  2219 | D:3      | Reached XP level 6. HP: 25/53 MP: 6/6
  2559 | D:3      | Noticed Jessica
  2568 | D:3      | Killed Jessica
  2569 | D:3      | Reached skill level 1 in Stealth
  2795 | D:3      | Noticed an orc warrior
  2814 | D:3      | Killed an orc warrior
  2815 | D:3      | Reached skill level 5 in Fighting
  2815 | D:3      | Reached skill level 1 in Dodging
  3291 | D:4      | Reached skill level 6 in Axes
  3386 | D:4      | Reached XP level 7. HP: 49/61 MP: 7/7
  3492 | D:4      | Found a staircase to the Ecumenical Temple.
  3565 | Temple   | Entered the Ecumenical Temple
  3654 | Temple   | Became a worshipper of Hepliaklqana the Forgotten
  4012 | D:4      | Reached skill level 5 in Armour
  4305 | D:5      | Entered Level 5 of the Dungeon
  4313 | D:5      | Reached skill level 7 in Axes
  4337 | D:5      | Slain by an ice beast

Illustrated notes

Levels and vault maps discovered:
D:1:      dpeg_arrival_orchard, layout_rooms, dreamdust_ecumenical_altar_grove
D:2:      layout_loops_ring, serial_shops, nicolae_shop_statue_plus, st_stairs_9
D:3:      layout_loops_ring, kennysheep_jessica_study
D:4:      layout_basic, minmay_temple_entry_wispy
D:5:      layout_gridville, serial_shops, nicolae_square_shop,
          nicolae_shop_hallway_plus, shop, chequers_serial_rivers_micro_e
Temple:   nicolae_temple_slightly_damp_pantheon

Skill      XL: |  1  2  3  4  5  6  7 |
---------------+----------------------+-----
Shields        | 4 |  4.5
Fighting       | 4 5 |  5.3
Axes           | 3 4 5 6 7 |  7.3
Armour         | 4 5 |  5.1
Stealth        | 1 |  1.3
Dodging        | 1 |  1.3

Action                   |  1- 3 |  4- 6 |  7- 9 || total
-------------------------+-------+-------+-------++-------
Melee: War axe           |    83 |   126 |    54 ||   263
  Use: Scroll            |       |    12 |     1 ||    13
       Potion            |       |     1 |       ||     1
Armor: Scale mail        |    17 |       |       ||    17
       Ring mail         |    17 |    62 |    28 ||   107
Dodge: Dodged            |    55 |    51 |    31 ||   137
Block: Buckler           |    10 |    24 |     7 ||    41
